 Dungeon Crawl Stone Soup version 0.30-a0-170-g85af917532 (webtiles) character file.

Game seed: 10781114625644684920

235 Bnni the Conjurer (level 5, -6/41 HPs)
             Began as a Demonspawn Reaver on Oct 1, 2022.
             Mangled by an ogre
             ... wielding a +5 dire flail
              (17 damage)
             ... on level 3 of the Dungeon.
             The game lasted 00:06:03 (3307 turns).

Bnni the Conjurer (Demonspawn Reaver)               Turns: 3307, Time: 00:06:03

Health: -6/41      AC:  9    Str: 11 (12) XL:     5   Next: 76%
Magic:  19/20      EV: 10    Int: 11 (14) God:
Gold:   117        SH:  0    Dex: 12 (14) Spells: 3/9 levels left

rFire   + . .      SeeInvis .    a - +0 falchion
rCold   . . .      Faith    .    (no shield)
rNeg    + . .      Spirit   .    d - +2 ring mail {rN+}
rPois   .          Reflect  .    (helmet restricted)
rElec   .          Harm     .    (no cloak)
rCorr   .          Rampage  .    (no gloves)
Will    .....      Rage     3%   (no boots)
Stlth   +.........               (no amulet)
HPRegen 0.13/turn                g - ring of magical power
MPRegen 0.17/turn                q - ring of protection from fire

@: mighty, invisible
A: antennae 1, molten scales 1, spiny 1, berserk 1, deterioration 1, high MP 2
a: no special abilities


You were on level 3 of the Dungeon.
You visited 1 branch of the dungeon, and saw 3 of its levels.

You collected 117 gold pieces.

Inventory:

Hand Weapons
 a - a +0 falchion (weapon)
Missiles
 l - 2 poisoned darts
Armour
 d - a +2 ring mail of positive energy (worn)
 n - a +1 leather armour of fire resistance
Jewellery
 g - a ring of magical power (left hand)
 q - a ring of protection from fire (right hand)
Scrolls
 c - 3 scrolls of teleportation
 e - a scroll of poison {unknown}
 f - a scroll of enchant armour {unknown}
 h - a scroll of magic mapping {unknown}
 k - a scroll of identify {unknown}
Potions
 p - a potion of brilliance {unknown}


   Skills:
 + Level 3.0 Fighting
 * Level 4.0 Long Blades
 - Level 1.7 Dodging
 + Level 2.8 Spellcasting
 * Level 4.5 Conjurations


You had 3 spell levels left.
You knew the following spells:

 Your Spells              Type           Power      Damage    Failure   Level
a - Kiss of Death         Conj/Necr      24%        2d7       26%         1
b - Momentum Strike       Conj/Tloc      12%        3d8       36%         2
c - Hailstorm             Conj/Ice       6%         3d4       61%         3

Your spell library contained the following spells:

 Spells                   Type           Power      Damage    Failure   Level


Dungeon Overview and Level Annotations

Branches:
Dungeon (3/15)

Altars:
Qazlal

Annotations:
D:3 1 transporter


Innate Abilities, Weirdness & Mutations

You have a pair of small antennae on your head.
You are partially covered in molten scales. (AC +2)
You are partially covered in sharp spines.
You sometimes lose your temper in combat.
Your body sometimes deteriorates upon taking damage.
You have a considerably increased reservoir of magic. (+20% MP)


Message History

JetFlynn's ghost is lightly damaged.
JetFlynn's ghost is struck by your spines.
JetFlynn's ghost closely misses you.
You hit JetFlynn's ghost.
JetFlynn's ghost is lightly damaged.
JetFlynn's ghost hits you but does no damage.
You slash JetFlynn's ghost!
JetFlynn's ghost is heavily damaged.
JetFlynn's ghost hits you.
Your body deteriorates!
You feel dopey.
You hit JetFlynn's ghost.
JetFlynn's ghost is heavily damaged.
JetFlynn's ghost barely misses you.
You barely miss JetFlynn's ghost.
JetFlynn's ghost is heavily damaged.
JetFlynn's ghost is struck by your spines.
JetFlynn's ghost hits you but does no damage. x2
You barely miss JetFlynn's ghost.
JetFlynn's ghost is heavily damaged.
JetFlynn's ghost barely misses you.
You hit JetFlynn's ghost but do no damage.
JetFlynn's ghost is heavily damaged.
JetFlynn's ghost is struck by your spines.
JetFlynn's ghost barely misses you.
You barely miss JetFlynn's ghost.
JetFlynn's ghost is severely damaged.
JetFlynn's ghost is struck by your spines.
JetFlynn's ghost hits you.
You slash JetFlynn's ghost!
You destroy JetFlynn's ghost!
You feel your strength returning.
Your life force feels restored.
Your Fighting skill increases to level 3!
Your Long Blades skill increases to level 4!
You barely miss the ogre. The ogre is struck by your spines.
The ogre hits you with a +5 dire flail!
* * * LOW HITPOINT WARNING * * *
You slash the ogre!
The ogre is heavily wounded.
The ogre hits you with a +5 dire flail!
You die...

##### ##.# #...........
#...#########..#########.##...
#...................####.####.
#...###.....©.©.......##.# #.
##.## ###############.##.# #.
#.# ##.....)?....##.##.# #.
#.# #..##...##..##.##.# #. #†#
#.#..#O#[.#.##.##.# ##. #.#
#.#..#@#..#.##.##.# #.. #.#
#..##...##..##.##.###..
#.#####.....©....©##.##.#....
#.#...#############..##.#....
#.....# #.# #.#..#.#....
###...# #.# #.#.....##.. ##.##
#.# #.#.###..... #.# #.#
#...#⌠#.##.# #.# #.#
#...###.##.#


You could see an ogre (unable to see you).

Vanquished Creatures
  The ghost of JetFlynn the Shield-Bearer, an amateur MeFi (D:3)
  An orc priest (D:3)
  Natasha (D:2)
  2 adders
  2 worms (D:2)
  A dart slug (D:2)
  5 orcs (D:3)
  6 endoplasms
  4 giant cockroaches
  6 goblins
  5 hobgoblins
  8 jackals
  A quokka (D:1)
  4 ball pythons
  4 bats
  2 frilled lizards
  3 kobolds
  5 rats
61 creatures vanquished.

Notes
Turn   | Place    | Note
-------+----------+-------------------------------------------
     0 | D:1      | Bnni the Demonspawn Reaver began the quest for the Orb.
     0 | D:1      | Reached XP level 1. HP: 16/16 MP: 3/3
   302 | D:1      | Gained mutation: You have a pair of small antennae on your
                  | head. [demonic ancestry]
   302 | D:1      | Reached XP level 2. HP: 18/19 MP: 5/5
   305 | D:1      | Learned a level 2 spell: Momentum Strike
   469 | D:1      | Found a faded altar of an unknown god.
  1251 | D:2      | Gained mutation: You are partially covered in sharp spines.
                  | [demonic ancestry]
  1251 | D:2      | Reached XP level 3. HP: 18/22 MP: 6/6
  1398 | D:2      | Learned a level 3 spell: Hailstorm
  2322 | D:2      | Noticed Natasha
  2330 | D:2      | Killed Natasha
  2331 | D:2      | Reached XP level 4. HP: 27/33 MP: 7/7
  2533 | D:3      | Found a transporter.
  2537 | D:3      | Noticed an ogre
  2537 | D:3      | Noticed JetFlynn's ghost (amateur MeFi)
  2681 | D:3      | Found a stormy altar of Qazlal.
  2761 | D:3      | Gained mutation: You are partially covered in molten
                  | scales. (AC +2) [demonic ancestry]
  2761 | D:3      | Reached XP level 5. HP: 15/36 MP: 8/8
  3279 | D:3      | Found a transporter.
  3286 | D:3      | Gained mutation: Your body sometimes deteriorates upon
                  | taking damage. [potion of mutation]
  3286 | D:3      | Gained mutation: You sometimes lose your temper in combat.
                  | [potion of mutation]
  3286 | D:3      | Gained mutation: You have an increased reservoir of magic.
                  | (+10% MP) [potion of mutation]
  3286 | D:3      | Gained mutation: You have a considerably increased
                  | reservoir of magic. (+20% MP) [potion of mutation]
  3305 | D:3      | Killed JetFlynn's ghost
  3307 | D:3      | Mangled by an ogre

Illustrated notes

Levels and vault maps discovered:
D:1:      ncdulo_watergridlock, layout_basic, ebering_ecumenical_altar_ruins
D:2:      layout_loops_ring, minmay_tall_x, uniq_natasha
D:3:      layout_loops_ring, grunt_qazlal_clouds, serial_glass, glass_columns_b,
          glass_columns_b, feat_on_display, gammafunk_ghost_smash,
          kennysheep_boxes

Skill      XL: |  1  2  3  4  5 |
---------------+----------------+-----
Long Blades    | 3 4 |  4.0
Conjurations   | 4 |  4.5
Fighting       | 3 |  3.0
Dodging        | |  1.7
Spellcasting   | |  2.8

Action                   |  1- 3 |  4- 6 || total
-------------------------+-------+-------++-------
Melee: Falchion          |   121 |    51 ||   172
       Punch             |     1 |     1 ||     2
 Cast: Kiss of Death     |     3 |     1 ||     4
  Use: Scroll            |       |     3 ||     3
       Potion            |       |     5 ||     5
Armor: Leather armour    |     6 |       ||     6
       Ring mail         |    42 |    27 ||    69
Dodge: Dodged            |    61 |    30 ||    91

Table legend: (Time is in decaauts)
 A = Elapsed time spent in this place.
 B = Non-inter-level travel time spent in this place.
 C = Inter-level travel time spent in this place.
 D = Time resting spent in this place.
 E = Time spent auto-exploring this place.
 F = Levels seen in this place.
 G = Mean time per level.
                   A        B        C        D        E       F      G
               +--------+--------+--------+--------+--------+-----+--------+
         Total |   3330 |   3241 |     89 |    307 |   2496 |   3 | 1110.0 |
       Dungeon |   3330 |   3241 |     89 |    307 |   2496 |   3 | 1110.0 |
               +--------+--------+--------+--------+--------+-----+--------+

Top non-repeatable levels by time:
     D:2: 1480 daAuts
     D:1: 974 daAuts
     D:3: 875 daAuts
